 Dungeon Crawl Stone Soup version 0.15-a0-35-ga771cbd (webtiles) character file.

448 4tharraofdagon the Sneak (level 6, -15/28 HPs)
             Began as a Spriggan Enchanter on Apr 2, 2014.
             Killed from afar by Bonarez's ghost (29 damage)
             ... with a fireball
             ... on Level 7 of the Dungeon.
             The game lasted 00:10:05 (1451 turns).

4tharraofdagon the Sneak (Spriggan Enchanter)       Turns: 1451, Time: 00:10:05

HP -15/28        AC  3     Str  6      XL: 6   Next:  7%
MP   6/18        EV 18     Int 17      God:
Gold 164         SH  0     Dex 16      Spells:  4 memorised,  1 level left

rFire  . . .     SeeInvis +     a - +1 dagger
rCold  . . .     Clarity  .     b - +1 robe
rNeg   . . .     Conserve .     (shield restricted)
rPois  +         rCorr    .     (helmet restricted)
rElec  .         rRot     .     (no cloak)
SustAb . .       Spirit   .     (gloves unavailable)
rMut   .         Warding  .     (boots unavailable)
Saprov . . .     Stasis   .     (no amulet)
MR     +....                    (no ring)
                                y - ring of poison resistance

@: very quick, somewhat resistant to hostile enchantments, very stealthy
A: unfitting armour, see invisible, herbivore 3, speed 3, slow metabolism 2
a: no special abilities


You were on level 7 of the Dungeon.
You were full.

You visited 1 branch of the dungeon, and saw 7 of its levels.

You collected 164 gold pieces.

Inventory:

Hand weapons
 a - a +1,+1 dagger (weapon)
 k - a +0,+0 dagger
 z - the +9,+8 flail of Temperance {venom, Dex+1 Stlth, unknown}
   (You found it on level 6 of the Dungeon)

   It poisons the flesh of those it strikes.
   It affects your dexterity (+1).
   It makes you more stealthy.
Missiles
 d - 5 darts (quivered)
Armour
 b - a +1 robe (worn)
Magical devices
 w - a wand of random effects (0)
 A - a wand of fireball (0)
Comestibles
 n - 4 bread rations
 o - a royal jelly
Scrolls
 f - a scroll of recharging {unknown}
 h - 2 scrolls of teleportation
 i - a scroll of fog {unknown}
 j - a scroll of enchant weapon I {unknown}
 l - 2 scrolls of random uselessness
 q - a scroll of blinking {unknown}
 u - a scroll of vulnerability {unknown}
 v - 2 scrolls of enchant weapon II {unknown}
Jewellery
 y - a ring of poison resistance (left hand)
Potions
 e - a potion of porridge
 g - a potion of confusion {unknown}
 p - a potion of flight
 s - a potion of resistance {unknown}
Books
 c - a book of Maledictions

   Spells                             Type                      Level
   *Corona                            Hexes                        1
   Sure Blade                         Hexes/Charms                 2
   *Ensorcelled Hibernation           Hexes/Ice                    2
   *Confuse                           Hexes                        3
   Enslavement                        Hexes                        4
   Invisibility                       Hexes                        6
 r - a book of the Warp

   Spells                             Type                      Level
   *Control Teleport                  Charms/Translocation         4
   Phase Shift                        Translocation                5
   Warp Weapon                        Charms/Translocation         5
   Summon Forest                      Summoning/Translocation      5
   Dispersal                          Translocation                6
   Controlled Blink                   Translocation                7
   Disjunction                        Translocation                8
 t - a Young Poisoner's Handbook

   Spells                             Type                      Level
   Sting                              Conjuration/Poison           1
   Cure Poison                        Poison                       2
   Mephitic Cloud                     Conjuration/Poison/Air       3
   Olgreb's Toxic Radiance            Poison                       4
   Venom Bolt                         Conjuration/Poison           5


   Skills:
 + Level 2.8 Short Blades
 - Level 1.1 Throwing
 - Level 3.0 Dodging
 * Level 6.2 Stealth
 - Level 3.3 Spellcasting
 + Level 5.0 Hexes
 * Level 3.6 Translocations


You had one spell level left.
You knew the following spells:

 Your Spells              Type           Power        Failure   Level  Hunger
a - Corona                Hex            ###....      2%          1    None
b - Ensorcelled Hibernat  Hex/Ice        ##....       12%         2    ##.....
c - Control Teleport      Chrm/Tloc      #.........   82%         4    ####...
d - Confuse               Hex            ###.....     10%         3    ###....


Dungeon Overview and Level Annotations

Branches:
Dungeon (7/15)
 Temple: D:4-7

Altars:
Elyvilon
Nemelex Xobeh
Sif Muna
Zin
The Shining One

Shops:
D:5 }(

Annotations:
D:7 Bonarez's ghost, experienced OpFE; Sigmund


Innate Abilities, Weirdness & Mutations

You are tiny and cannot use many weapons and most armour.
You have supernaturally acute eyesight.
You are a herbivore.
You cover ground extremely quickly.
You need consume almost no food.


Message History

A sky beast and a crimson imp come into view!
Unknown command!
Unknown command!
A slave comes into view!
The crimson imp shouts!!!
Found a scroll labeled PHATZASHR QATU!
An orc wizard comes into view! It is wielding a dagger!
Unknown command!
A slave comes into view!
The slave shouts!!!
The slave shouts!!!
Unknown command!
Bonarez's ghost (experienced Octopode Fire Elementalist) comes into view!
Bonarez's ghost turns its malevolent gaze towards you!
The crimson imp laughs crazily!
The crimson imp blinks!!!
Bonarez's ghost gestures at you while chanting!
The fireball explodes!!!
The fireball engulfs you!!!
Ouch!!!
That really hurt!!!
You die!!!

####.#....##...#..@.#
#...ยง###.....### .
#....###......#
#.............#
####..........#
#.......####
##########.##....#
...p.............#
#...######@#...###
#.#...# #.. ..#
....### #...# #####


You could see Bonarez's ghost.

Vanquished Creatures
  A giant frog (D:6)
  A crimson imp (D:5)
  2 hounds
  2 worker ants
  Ijyb (D:3)
  2 adders
  An adder skeleton (D:6)
  A giant eyeball (D:7)
  A giant gecko (D:4)
  2 orcs
  A ball python (D:1)
  2 bats
  4 giant cockroaches
  3 goblins
  7 hobgoblins
  5 jackals
  A quokka (D:5)
  3 giant newts
  4 kobolds
  A kobold zombie (D:6)
  2 rats (D:1)
  A plant (D:7)
48 creatures vanquished.

Vanquished Creatures (others)
  A goblin (D:1)
1 creature vanquished.

Grand Total: 49 creatures vanquished

Notes
Turn   | Place    | Note
--------------------------------------------------------------
     0 | D:1      | 4tharraofdagon, the Spriggan Enchanter, began the quest for the Orb.
     0 | D:1      | Reached XP level 1. HP: 9/9 MP: 4/4
   158 | D:1      | Reached XP level 2. HP: 11/13 MP: 3/7
   223 | D:2      | Learned a level 2 spell: Ensorcelled Hibernation
   356 | D:4      | Reached skill level 4 in Stealth
   356 | D:4      | Reached XP level 3. HP: 12/16 MP: 9/11
   375 | D:3      | Noticed Ijyb
   383 | D:3      | Killed Ijyb
   416 | D:4      | Reached XP level 4. HP: 17/21 MP: 7/13
   544 | D:4      | Reached skill level 5 in Stealth
   563 | D:5      | Entered Level 5 of the Dungeon
   587 | D:5      | Found Throst Atoo's Gadget Shoppe.
   599 | D:5      | Found Iqil's Antique Weapon Shop.
   655 | D:5      | Learned a level 4 spell: Control Teleport
   764 | D:5      | Reached skill level 1 in Translocations
   771 | D:5      | Found a sparkling altar of Nemelex Xobeh.
   775 | D:5      | Found a white marble altar of Elyvilon.
   776 | D:5      | Found a glowing silver altar of Zin.
   780 | D:5      | Found a deep blue altar of Sif Muna.
   828 | D:5      | Reached XP level 5. HP: 17/24 MP: 16/16
   848 | D:6      | Learned a level 3 spell: Confuse
  1057 | D:6      | Reached skill level 6 in Stealth
  1057 | D:6      | Reached skill level 5 in Hexes
  1057 | D:6      | Reached XP level 6. HP: 28/28 MP: 15/18
  1096 | D:6      | Got a twisted flail
  1153 | D:6      | Noticed an orc warrior
  1205 | D:6      | Found a glowing golden altar of the Shining One.
  1248 | D:7      | ::(
  1354 | D:7      | :(
  1434 | D:7      | Noticed Sigmund
  1448 | D:7      | Noticed Bonarez's ghost (experienced OpFE)
  1451 | D:7      | Killed from afar by Bonarez's ghost

Action                   |  1- 3 |  4- 6 || total
-------------------------+-------+-------++-------
Melee: Dagger            |    57 |   162 ||   219
Throw: Dart              |     1 |     6 ||     7
 Cast: Corona            |    11 |     7 ||    18
       Ensorcelled Hiber |     5 |    22 ||    27
Evoke: Wand              |       |     7 ||     7
  Use: Scroll            |       |     7 ||     7
       Potion            |       |     3 ||     3
 Stab: Sleeping          |     8 |    19 ||    27
       Distracted        |       |     1 ||     1
